 Dungeon Crawl Stone Soup version 0.32-a0-391-gce5c0aab1b (webtiles) character file.

Game seed: 12742238323396946040

424 Ceno the Slasher (level 6, 0/48 HPs)
             Began as a Coglin Warper on Feb 20, 2024.
             Killed from afar by a steam dragon (6 damage)
             ... with a ball of steam
             ... on level 6 of the Dungeon.
             The game lasted 00:07:46 (3405 turns).

Ceno the Slasher (Coglin Warper)                    Turns: 3405, Time: 00:07:47

Health: 0/48       AC:  6    Str: 11    XL:     6   Next: 96%
Magic:  10/10      EV: 10    Int: 13    God:
Gold:   245        SH:  0    Dex: 15    Spells: 4/11 levels left

rFire   + + .        a - +0 falchion (elec) {Apolônia}
rCold   . . .        l - +0 short sword {Eadburga}
rNeg    . . .        e - +1 ring mail {rF+}
rPois   .            (no helmet)
rElec   .            (no cloak)
rCorr   .            (no gloves)
SInv    .            (no boots)
Will    +....        (no amulet)
Stlth   +            h - ring of protection from fire
HPRegen 0.28/turn    p - ring of willpower
MPRegen 0.12/turn

%: no passive effects
@: revving
A: off-hand wielding, slow wielding, warmup strikes, warmup strides
a: no special abilities


You were on level 6 of the Dungeon.
You visited 1 branch of the dungeon, and saw 5 of its levels.

You collected 245 gold pieces.

Inventory:

Hand Weapons
 a - a +0 falchion of electrocution (weapon) {Apolônia}
 l - a +0 short sword (worn) {Eadburga}
Missiles
 d - 7 darts of dispersal
 m - 12 stones (quivered)
 s - 6 poisoned darts
Armour
 e - a +1 ring mail of fire resistance (worn)
Jewellery
 h - a ring of protection from fire (left grasper)
 p - a ring of willpower (right grasper)
 q - a ring of resist corrosion
Scrolls
 b - a scroll of brand weapon
 c - a scroll of blinking
 g - a scroll of noise {unknown}
 i - a scroll of teleportation {unknown}
 j - a scroll of fog {unknown}
 o - a scroll of poison {unknown}
 r - a scroll of immolation {unknown}
Potions
 f - a potion of curing {unknown}
 k - 2 potions of haste {unknown}
 n - 2 potions of invisibility {unknown}


   Skills:
 + Level 3.9 Fighting
 * Level 5.3 Long Blades
 - Level 0.8 Throwing
 - Level 0.8 Armour
 - Level 1.7 Dodging
 + Level 3.3 Spellcasting
 - Level 3.0 Translocations


You had 4 spell levels left.
You knew the following spells:

 Your Spells              Type           Power      Damage    Failure   Level
a - Blink                 Tloc           18%        N/A       24%         2
b - Lesser Beckoning      Tloc           18%        N/A       24%         2
c - Teleport Other        Tloc           9%         N/A       43%         3

Your spell library contained the following spells:

 Spells                   Type           Power      Damage    Failure   Level
 Jinxbite                 Hex            4%         N/A       63%         2
 Manifold Assault         Tloc           9%         N/A       85%         4
 Dazzling Flash           Conj/Hex       4%         N/A       86%         3
 Mephitic Cloud           Conj/Alch/Air  2%         N/A       86%         3
 Vhi's Electric Charge    Tloc/Air       12%        N/A       96%         4
 Curse of Agony           Necr           2%         N/A       100%        5
 Silence                  Hex/Air        1%         N/A       100%        5
 Yara's Violent Unravell  Hex/Alch       1%         3d3       100%        5
 Enfeeble                 Hex            1%         N/A       100%        7


Dungeon Overview and Level Annotations

Branches:
Dungeon (4/15)
 Temple: D:4-7

Altars:
Ashenzari
Cheibriados
Gozag
Makhleb
Wu Jian

Shops:
D:3 =


Innate Abilities, Weirdness & Mutations

You can wield a second weapon in your off-hand.
It takes a long time for you to wield or remove held weapons.
Your first few attacks do less damage.
Your first movements take longer.


Message History

Aiming: Teleport Other (quite dangerous; 43% risk of failure)
Press: ? - help, Shift-Dir - straight line, f/p - ice beast
Aim: an ice beast (chance to affect: 47%)
The ice beast looks slightly unstable.
You feel sick. The ice beast hits you. The ice beast freezes you!
* * * LOW HITPOINT WARNING * * *
Unknown command.
You feel sick.
You are no longer poisoned.
The ice beast disappears!
There is an open door here.
You start resting.
Your magical contamination has completely faded away.
You start resting.
Magic restored.
There is a large open door here.
A steam dragon comes into view.
Found an opulent altar of Gozag.
The steam dragon hisses angrily.
You closely miss the steam dragon with your +0 falchion of electrocution.
You hit the steam dragon with your +0 short sword.
The steam dragon bites you. The steam dragon claws you.
You are too injured to fight recklessly!
You hit the steam dragon but do no damage.
The steam dragon is lightly wounded.
You hit the steam dragon with your +0 falchion of electrocution.
The steam dragon breathes steam at you. The ball of steam hits you. You resist.
You closely miss the steam dragon with your +0 short sword.
The steam dragon is moderately wounded.
You closely miss the steam dragon with your +0 falchion of electrocution.
The steam dragon closely misses you. The steam dragon claws you.
* * * LOW HITPOINT WARNING * * *
The steam dragon bites you.
* * * LOW HITPOINT WARNING * * *
The steam dragon claws you.
* * * LOW HITPOINT WARNING * * *
The steam dragon breathes steam at you. The ball of steam hits you. You resist.
You die...

##........#.######
##..#.............#
#............####.#
#....######..####.####
#....#⌠...##...†.....#
#.ß'ß#.Y_..#.####.##.#
#.#.######.#.# #.# #
#.#..'.§§§.#.# #.# #
#..'.§..@#.# #.#
#.######D#.. #.#
.ß+ß#.D_..#.. #.# #..
.#⌠...##.. #.# #.# #..
.##### #.# #.# #.. ..
#.# #.# ##. #. #.# #.#
#.# #.# #.# #.#


You could see a steam dragon (catching breath).

Vanquished Creatures
  A scorpion (D:6)
  2 bombardier beetles (D:3)
  A hound (D:6)
  4 iguanas
  A sleepcap (D:4)
  An adder (D:3)
  6 ribbon worms
  5 dart slugs
  6 bats
  7 endoplasms
  2 giant cockroaches (D:2)
  4 hobgoblins
  5 kobolds (D:2)
  3 quokkas
  5 ball pythons
  5 frilled lizards
  9 goblins
  2 rats
69 creatures vanquished.

Notes
Turn   | Place    | Note
-------+----------+-------------------------------------------
     0 | D:1      | Ceno the Coglin Warper began the quest for the Orb.
     0 | D:1      | Reached XP level 1. HP: 16/16 MP: 3/3
   125 | D:1      | Reached XP level 2. HP: 22/22 MP: 4/4
   231 | D:1      | Learned a level 2 spell: Blink
   234 | D:1      | Learned a level 2 spell: Lesser Beckoning
   579 | D:1      | Reached XP level 3. HP: 26/28 MP: 3/6
   877 | D:2      | Reached skill level 3 in Long Blades
  1166 | D:2      | Reached XP level 4. HP: 34/34 MP: 7/7
  1188 | D:2      | Learned a level 3 spell: Teleport Other
  1910 | D:3      | Found an ornate altar of the Wu Jian Council.
  2062 | D:3      | Found a snail-covered altar of Cheibriados.
  2099 | D:3      | Reached skill level 4 in Long Blades
  2099 | D:3      | Reached XP level 5. HP: 41/41 MP: 8/8
  2176 | D:3      | Found Ypiykkili's Jewellery Boutique.
  2751 | D:4      | Reached XP level 6. HP: 35/47 MP: 10/10
  3171 | D:4      | Found a broken altar of Ashenzari.
  3173 | D:4      | You fall into a shaft and drop 2 floors!
  3301 | D:6      | Reached skill level 5 in Long Blades
  3330 | D:6      | Found a burning altar of Makhleb.
  3330 | D:6      | Noticed an ice beast
  3398 | D:6      | Found an opulent altar of Gozag.
  3398 | D:6      | Noticed a steam dragon
  3405 | D:6      | Killed from afar by a steam dragon

Illustrated notes

Levels and vault maps discovered:
D:1:      dpeg_arrival_boxorama, layout_basic, hangedman_glass_teeth,
          minmay_bisected
D:2:      layout_basic, corexii_shack
D:3:      layout_loops_cross, slow_altar_1,
          mainiacjoe_overflow_concentric_impassable, serial_shops,
          nicolae_shop_tiny_waterfront
D:4:      layout_loops_corners, evilmike_ruin_ashenzari,
          minmay_temple_entry_oklob
D:6:      layout_basic, jmf_multi_god_temple2, minmay_shop_grid_forest

Skill      XL: |  1  2  3  4  5  6 |
---------------+-------------------+-----
Spellcasting   | 2 3 |  3.3
Long Blades    | 3 4 5 |  5.3
Fighting       | 3 |  3.9
Throwing       | |  0.8
Armour         | |  0.8
Dodging        | |  1.7
Translocations | |  3.0

Action                     |  1- 3 |  4- 6 || total
---------------------------+-------+-------++-------
  Melee: Falchion          |    82 |   101 ||   183
         Short sword       |     1 |    88 ||    89
   Cast: Lesser Beckoning  |     1 |     4 ||     5
         Teleport Other    |       |     1 ||     1
    Use: Scroll            |       |     1 ||     1
 Armour: Ring mail         |    52 |    57 ||   109
  Dodge: Dodged            |    44 |    27 ||    71

Table legend: (Time is in decaauts)
 A = Elapsed time spent in this place.
 B = Non-inter-level travel time spent in this place.
 C = Inter-level travel time spent in this place.
 D = Time resting spent in this place.
 E = Time spent auto-exploring this place.
 F = Levels seen in this place.
 G = Mean time per level.
                   A        B        C        D        E       F      G
               +--------+--------+--------+--------+--------+-----+--------+
         Total |   3525 |   3426 |     99 |    258 |   2258 |   5 |  705.0 |
       Dungeon |   3525 |   3426 |     99 |    258 |   2258 |   5 |  705.0 |
               +--------+--------+--------+--------+--------+-----+--------+

Top non-repeatable levels by time:
     D:2: 1065 daAuts
     D:1: 898 daAuts
     D:3: 871 daAuts
     D:4: 451 daAuts
     D:6: 238 daAuts
